 Dungeon Crawl Stone Soup version 0.26-a0-708-g17f3b190f9 (webtiles) character file.

Game seed: 15906532908732592425

49 Notrik the Skirmisher (level 3, -6/54 HPs)
             Began as a Hill Orc Berserker on Oct 29, 2020.
             Was a Believer of Trog.
             Killed by divine providence
             ... invoked by an orc priest
              (12 damage)
             ... on level 2 of the Dungeon.
             The game lasted 00:01:55 (1273 turns).

Notrik the Skirmisher (Hill Orc Berserker)          Turns: 1273, Time: 00:01:55

Health: -6/54      AC:  9    Str: 20    XL:     3   Next: 77%
Magic:  3/3        EV: 10    Int:  7    God:    Trog [**....]
Gold:   92         SH:  0    Dex: 10    Spells: 2/2 levels left

rFire    . . .     SeeInvis .   a - +0 hand axe
rCold    . . .     Faith    .   (no shield)
rNeg     . . .     Spirit   .   n - +0 scale mail
rPois    .         Reflect  .   (no helmet)
rElec    .         Harm     .   (no cloak)
rCorr    .         Rampage  .   k - +2 pair of gloves
MR       ++...                  (no boots)
Stlth    ..........             (no amulet)
HPRegen  1.18/turn              (no ring)
MPRegen  0.08/turn              (no ring)

@: berserking, regenerating (expiring), very quick
A: no striking features
a: Berserk, Trog's Hand, Renounce Religion, Convert to Beogh


You were on level 2 of the Dungeon.
You worshipped Trog.
Trog was pleased with you.
You visited 1 branch of the dungeon, and saw 2 of its levels.

You collected 92 gold pieces.

Inventory:

Hand Weapons
 a - a +0 hand axe (weapon)
Armour
 k - a +2 pair of gloves (worn)
   (You found it on level 2 of the Dungeon)
 n - a +0 scale mail (worn)
   (You took it off a goblin on level 2 of the Dungeon)
Jewellery
 m - an uncursed ring of see invisible {unknown}
   (You found it on level 2 of the Dungeon)
Scrolls
 c - 5 scrolls of identify {unknown}
 d - 3 scrolls of teleportation {unknown}
 g - a scroll of fog {unknown}
 h - 4 scrolls of remove curse {unknown}
 j - a scroll of enchant armour {unknown}
 o - a scroll of magic mapping {unknown}
Potions
 b - a potion of cancellation {unknown}
 e - 5 potions of curing {unknown}
 f - a potion of resistance {unknown}
 i - a potion of might {unknown}
 l - a potion of ambrosia {unknown}


   Skills:
 * Level 5.0 Fighting
 + Level 4.7 Axes
 - Level 2.1 Armour
 - Level 1.5 Dodging


You had 2 spell levels left.
You didn't know any spells.
Your spell library was empty.

Dungeon Overview and Level Annotations

Branches:
Dungeon (2/15)

Altars:


Message History

Your scale mail prevents you from hitting the frilled lizard.
The frilled lizard closely misses you.
You hit the frilled lizard.
You kill the frilled lizard!
Trog accepts your kill.
You hit the giant cockroach. The giant cockroach barely misses you.
The orc wizard begins to cast a cantrip, but forgets the words!
The giant cockroach bites you but does no damage.
You barely miss the giant cockroach.
The giant cockroach bites you but does no damage.
The orc wizard looks satisfied for a moment.
You hit the giant cockroach but do no damage.
The giant cockroach bites you but does no damage.
You slash the giant cockroach!
You kill the giant cockroach!
Trog accepts your kill.
The orc priest invokes the aid of Beogh against you.
Beogh smites you!
* * * LOW HITPOINT WARNING * * *
You closely miss something. Something hits you but does no damage.
The orc throws a boomerang.
The boomerang hits you but does no damage.
The weapon returns to the orc!
Your skin crawls.
You feel resistant to hostile enchantments.
Something hits you but does no damage.
The orc throws a boomerang.
The weapon returns to the orc!
A red film seems to cover your vision as you go berserk!
You feel yourself moving faster!
You feel mighty! Something hits you but does no damage.
The orc priest calls down the wrath of Beogh upon you.
Beogh smites you!
* * * LOW HITPOINT WARNING * * *
You completely miss something.
The orc priest shouts, "Surrender to Beogh and we'll let you live!"
Something hits you but does no damage.
You barely miss something.
The orc throws a boomerang.
The boomerang barely misses you.
The weapon returns to the orc!
Something hits you but does no damage.
You barely miss something.
You feel the effects of Trog's Hand fading.
You closely miss something.
You hear some strange, mumbled words.
A puff of flame appears from out of thin air!
The puff of flame hits you!
* * * LOW HITPOINT WARNING * * *
The orc priest calls down the wrath of Beogh upon you.
Beogh smites you!
You die...

.#.... ### B...o
..# ......o #.# ...
... #.# .. .o.. #@#
.#..≈..
##{#####.#.....
####ooo..B..o.####
#....oo.o.>.......
##.##)###....######
#.###...#.#
#......$...
#.......(.#
#.#.#######
####...#.....#.#
##.##.#.#.#.#


You could see 2 orc priests, an orc wizard and 2 orcs.

Vanquished Creatures
  An adder (D:2)
  A worm (D:2)
  2 dart slugs (D:1)
  A leopard gecko (D:2)
  2 giant cockroaches
  8 goblins
  3 hobgoblins
  7 kobolds
  A bat (D:1)
  A frilled lizard (D:2)
  4 rats (D:1)
31 creatures vanquished.

Notes
Turn   | Place    | Note
-------+----------+-------------------------------------------
     0 | D:1      | Notrik the Hill Orc Berserker began the quest for the Orb.
     0 | D:1      | Reached XP level 1. HP: 19/19 MP: 1/1
    80 | D:1      | Reached skill level 4 in Fighting
   139 | D:1      | Reached XP level 2. HP: 27/27 MP: 2/2
   704 | D:1      | Reached ** piety under Trog
   894 | D:2      | Reached XP level 3. HP: 34/34 MP: 3/3
  1219 | D:2      | Reached skill level 5 in Fighting
  1273 | D:2      | Killed from afar by an orc priest

Illustrated notes

Levels and vault maps discovered:
D:1:      mrwooster_arrival_statue_3, layout_basic
D:2:      cheibrodos_pilgrimage, layout_loops_ring, fedhas_altar_4,
          hangedman_glass_teeth

Skill      XL: |  1  2  3 |
---------------+----------+-----
Fighting       | 4 5 |  5.0
Axes           | |  4.7
Armour         | |  2.1
Dodging        | |  1.5

Action                   || total
-------------------------++-------
Melee: Hand axe          ||    91
Invok: Berserk           ||     1
       Trog's Hand       ||     1
Armor: Animal skin       ||    10
       Scale mail        ||    19
Dodge: Dodged            ||    49

Table legend: (Time is in decaauts)
 A = Elapsed time spent in this place.
 B = Non-inter-level travel time spent in this place.
 C = Inter-level travel time spent in this place.
 D = Time resting spent in this place.
 E = Time spent auto-exploring this place.
 F = Levels seen in this place.
 G = Mean time per level.
                   A        B        C        D        E       F      G
               +--------+--------+--------+--------+--------+-----+--------+
         Total |   1278 |   1268 |     10 |      0 |   1013 |   2 |  639.0 |
       Dungeon |   1278 |   1268 |     10 |      0 |   1013 |   2 |  639.0 |
               +--------+--------+--------+--------+--------+-----+--------+

Top non-repeatable levels by time:
     D:1: 846 daAuts
     D:2: 431 daAuts
